 Dungeon Crawl Stone Soup version 0.28-a0-268-g3f656e82c2 (webtiles) character file.

Game seed: 16035666796743237366

35 Archison the Sneak (level 3, -1/16 HPs)
             Began as a Spriggan Enchanter on Aug 29, 2021.
             Slain by a worm (6 damage)
             ... on level 2 of the Dungeon.
             The game lasted 00:06:20 (2360 turns).

Archison the Sneak (Spriggan Enchanter)             Turns: 2360, Time: 00:06:21

Health: -1/16      AC:  2    Str:  4    XL:     3   Next: 17%
Magic:  8/8        EV: 17    Int: 17    God:
Gold:   73         SH:  0    Dex: 15    Spells: 5/7 levels left

rFire   . . .      SeeInvis +   a - +1 dagger
rCold   . . .      Faith    .   (shield restricted)
rNeg    . . .      Spirit   .   b - +0 robe
rPois   .          Reflect  .   (helmet restricted)
rElec   .          Harm     .   (no cloak)
rCorr   .          Rampage  .   (gloves unavailable)
Will    .....                   (boots unavailable)
Stlth   +++.......              (no amulet)
HPRegen 0.05/turn               (no ring)
MPRegen 0.11/turn               (no ring)

@: very quick
A: very small, no large weapons, unfitting armour, see invisible, speed 3
a: no special abilities


You were on level 2 of the Dungeon.
You visited 1 branch of the dungeon, and saw 2 of its levels.

You collected 73 gold pieces.

Inventory:

Hand Weapons
 a - a +1 dagger (weapon)
Armour
 b - a +0 robe (worn)
Scrolls
 d - 3 scrolls of enchant armour {unknown}
 e - 5 scrolls of identify {unknown}
 f - a scroll of brand weapon {unknown}
 i - 2 scrolls of teleportation {unknown}
 j - a scroll of immolation {unknown}
 k - a scroll of amnesia {unknown}
 l - a scroll of enchant weapon {unknown}
Potions
 c - a potion of invisibility
 g - a potion of curing {unknown}
 h - a potion of haste {unknown}
 m - a potion of ambrosia {unknown}


   Skills:
 - Level 0.2 Fighting
 - Level 1.3 Short Blades
 * Level 3.1 Dodging
 * Level 5.4 Stealth
 - Level 2.9 Spellcasting
 * Level 4.1 Hexes


You had 5 spell levels left.
You knew the following spells:

 Your Spells              Type           Power      Damage    Failure   Level
a - Ensorcelled Hibernat  Hex/Ice        18%        N/A       12%         2

Your spell library contained the following spells:

 Spells                   Type           Power      Damage    Failure   Level
 Confusing Touch          Hex            16%        N/A       10%         3
 Tukima's Dance           Hex            16%        N/A       10%         3
 Dazzling Flash           Conj/Hex       18%        N/A       22%         3


Dungeon Overview and Level Annotations

Branches:
Dungeon (2/15)

Altars:


Innate Abilities, Weirdness & Mutations

You are very small and have problems with some larger weapons.
You are too small for most types of armour.
You have supernaturally acute eyesight. (SInv)
You cover ground extremely quickly. (Speed+++)


Message History

Unknown command.
Casting: Ensorcelled Hibernation (safe; 12% risk of failure)
Confirm with . or Enter, or press ? or * to list all spells.
You don't know that spell.
Unknown command.
Casting: Ensorcelled Hibernation (safe; 12% risk of failure)
Confirm with . or Enter, or press ? or * to list all spells.
Aiming: Ensorcelled Hibernation (safe; 12% risk of failure)
Press: ? - help, Shift-Dir - straight line, f - worm
Aim: a worm (not susceptible)
The worm is unaffected.
Casting: Ensorcelled Hibernation (safe; 12% risk of failure)
Confirm with . or Enter, or press ? or * to list all spells.
Okay, then.
Unknown command.
You hit the worm.
The worm is lightly wounded.
You hit the worm but do no damage.
The worm is lightly wounded.
The worm closely misses you.
You hit the worm.
The worm is moderately wounded.
You hit the worm.
The worm is moderately wounded.
The worm closely misses you.
You hit the worm.
The worm is moderately wounded.
The worm bites you but does no damage.
You hit the worm.
The worm is heavily wounded.
You hit the worm but do no damage.
The worm is heavily wounded.
The worm bites you!
* * * LOW HITPOINT WARNING * * *
You start resting.
A worm is nearby!
You hit the worm.
The worm is lightly wounded.
The worm bites you.
You die...

###....>.........# #........#
###..#..#..........#
#.#####.###
#..#...#..#....########.#
#....
.#...#...#..............#
#####
...#...#...#............#
.#...#...#...#..........#
...#...#...#...#....###.######
.#...#...#...#......##.......#
...#...#...#...#@w..##.......#
.#...#...#...#...#####.......#
...#...#..)#...#.# #.......#
.#...#...#...#.(.# #.......#
...#...#...#...#.# #.......#
.#...#...#...#...# #.......#
...#...#...#...#.######.######
.#...#...#...#..........#
...#...#...#...#..#######


You could see a worm.

Vanquished Creatures
  A worm (D:2)
  2 dart slugs (D:1)
  4 ball pythons
  2 giant cockroaches (D:2)
  A hobgoblin (D:2)
  7 jackals
  A kobold (D:2)
  A quokka (D:1)
  2 bats (D:1)
  2 frilled lizards (D:2)
  3 rats
26 creatures vanquished.

Notes
Turn   | Place    | Note
-------+----------+-------------------------------------------
     0 | D:1      | Archison the Spriggan Enchanter began the quest for the
                  | Orb.
     0 | D:1      | Reached XP level 1. HP: 9/9 MP: 5/5
   340 | D:2      | Reached XP level 2. HP: 7/13 MP: 6/6
   481 | D:2      | Learned a level 2 spell: Ensorcelled Hibernation
   616 | D:2      | Reached skill level 5 in Stealth
   883 | D:1      | Found a faded altar of an unknown god.
  1663 | D:1      | Reached XP level 3. HP: 15/16 MP: 1/8
  2360 | D:2      | Slain by a worm

Illustrated notes

Levels and vault maps discovered:
D:1:      minmay_arrival_split_and_join, layout_rooms, basic_ecumenical_altar,
          chequers_serial_rivers_small_3, serial_bayou_pond_e
D:2:      layout_basic, hex_large, minmay_hexomino_u4

Skill      XL: |  1  2 |
---------------+-------+-----
Stealth        | 5 |  5.4
Dodging        | 3 |  3.1
Hexes          | 4 |  4.1
Fighting       | |  0.2
Short Blades   | |  1.3
Spellcasting   | |  2.9

Action                   || total
-------------------------++-------
Melee: Dagger            ||   116
 Cast: Ensorcelled Hiber ||    27
 Stab: Sleeping          ||    14
Armor: Robe              ||    16
Dodge: Dodged            ||   134

Table legend: (Time is in decaauts)
 A = Elapsed time spent in this place.
 B = Non-inter-level travel time spent in this place.
 C = Inter-level travel time spent in this place.
 D = Time resting spent in this place.
 E = Time spent auto-exploring this place.
 F = Levels seen in this place.
 G = Mean time per level.
                   A        B        C        D        E       F      G
               +--------+--------+--------+--------+--------+-----+--------+
         Total |   1816 |   1812 |      4 |    637 |    643 |   2 |  908.0 |
       Dungeon |   1816 |   1812 |      4 |    637 |    643 |   2 |  908.0 |
               +--------+--------+--------+--------+--------+-----+--------+

Top non-repeatable levels by time:
     D:1: 1059 daAuts
     D:2: 757 daAuts
